 Seeded DCSS version 0.30-a0-137-gd8773701ce (webtiles) character file.

Game seed: 16205057950778805732 (custom seed)

28 SigmundSlayer the Trooper (level 3, -5/29 HPs)
             Began as a Demonspawn Fighter on Sept 23, 2022.
             Killed from afar by a white imp (8 damage)
             ... with a puff of frost
             ... summoned by Natasha
             ... on level 2 of the Dungeon.
             The game lasted 00:00:53 (1426 turns).

SigmundSlayer the Trooper (Demonspawn Fighter)      Turns: 1426, Time: 00:00:54

Health: -5/29      AC: 11    Str: 18    XL:     3   Next: 0%
Magic:  3/3        EV:  9    Int:  9    God:
Gold:   126        SH:  4    Dex: 12    Spells: 2/2 levels left

rFire   . . .      SeeInvis .      - Unarmed
rCold   . . .      Faith    .    b - +0 buckler
rNeg    . . .      Spirit   .    a - +0 scale mail
rPois   .          Reflect  .    (no helmet)
rElec   .          Harm     .    i - +2 cloak
rCorr   .          Rampage  .    (no gloves)
Will    .....                    (no boots)
Stlth   ..........               (no amulet)
HPRegen 0.09/turn                (no ring)
MPRegen 0.08/turn                (no ring)

@: slowed, very slow
A: molten scales 1, demonic magic 1
a: no special abilities


You were on level 2 of the Dungeon.
You visited 1 branch of the dungeon, and saw 2 of its levels.

You collected 126 gold pieces.

Inventory:

Armour
 a - a +0 scale mail (worn)
 b - a +0 buckler (worn)
 i - a +2 cloak (worn)
Jewellery
 k - an amulet of faith
Scrolls
 d - 2 scrolls of fear {unknown}
 h - 2 scrolls of teleportation {unknown}
 j - a scroll of fog {unknown}
 l - a scroll of summoning {unknown}
 m - a scroll of magic mapping {unknown}
 o - a scroll of identify {unknown}
 r - a scroll of immolation {unknown}
Potions
 c - a potion of might
 e - a potion of resistance {unknown}
 f - 2 potions of brilliance {unknown}
 g - 2 potions of curing {unknown}
 n - a potion of flight {unknown}
 p - a potion of degeneration {unknown}
 q - a potion of magic {unknown}


   Skills:
 + Level 3.2 Fighting
 + Level 2.9 Armour
 + Level 0.8 Dodging
 + Level 2.9 Shields
 + Level 2.1 Unarmed Combat


You had 2 spell levels left.
You didn't know any spells.
Your spell library contained the following spells:

 Spells                   Type           Power      Damage    Failure   Level
 Freezing Cloud           Conj/Ice/Air   0%         6-21      100%        5
 Simulacrum               Ice/Necr       0%         N/A       100%        6
 Polar Vortex             Ice            0%         N/A       100%        9


Dungeon Overview and Level Annotations

Branches:
Dungeon (2/15)

Altars:

Annotations:
D:2 Natasha


Innate Abilities, Weirdness & Mutations

You are partially covered in molten scales. (AC +2)
Spells you cast may paralyse adjacent enemies.


Message History

You hit Natasha.
Natasha is heavily wounded.
Natasha claws you but does no damage.
The white imp hits you but does no damage.
You punch Natasha!
Natasha is almost dead.
Natasha barely misses you. The white imp puffs mist at you.
The white imp hits you but does no damage.
Natasha barely misses you.
The white imp hits you but does no damage.
You closely miss Natasha.
Natasha is almost dead.
Natasha stares at you and mumbles some strange words.
The magic dart hits you. The white imp gestures at you.
The puff of frost hits you.
You hit Natasha but do no damage.
Natasha is almost dead.
Natasha casts a spell at you.
You feel as though you will be slow longer.
You block the white imp's attack.
You hit Natasha but do no damage.
Natasha is almost dead.
Natasha claws you but does no damage. The white imp hits you.
* * * LOW HITPOINT WARNING * * *
The white imp freezes you.
* * * LOW HITPOINT WARNING * * *
Natasha barely misses you.
The white imp hits you but does no damage.
You barely miss Natasha.
Natasha is almost dead.
Natasha stares at you and mumbles some strange words.
You resist with significant effort.
The white imp hits you but does no damage.
You hit Natasha.
Natasha is almost dead.
Natasha casts a spell.
The white imp gestures at you. The puff of frost hits you!
You die...

#.......... .#
#..######## #.#
#.......... ...
#.######### #.# #.#
#.# ####.#### #.#
#.......########.##
#.#............5..#
.....##.########@##
.....##.# #h.#
#.#####.# #.##
#.#####.# #5#
#.......# #.#
######### #.# #.#
#.#


You could see Natasha, a crimson imp (summoned) and a white imp (summoned).

Vanquished Creatures
  2 dart slugs (D:1)
  A bat (D:1)
  4 endoplasms (D:1)
  A giant cockroach (D:2)
  A goblin (D:2)
  A hobgoblin (D:1)
  2 quokkas
  8 ball pythons
  A rat (D:1)
21 creatures vanquished.

Notes
Turn   | Place    | Note
-------+----------+-------------------------------------------
     0 | D:1      | SigmundSlayer the Demonspawn Fighter began the quest for
                  | the Orb.
     0 | D:1      | Reached XP level 1. HP: 18/18 MP: 1/1
   259 | D:1      | Gained mutation: You are partially covered in molten
                  | scales. (AC +2) [demonic ancestry]
   259 | D:1      | Reached XP level 2. HP: 24/24 MP: 2/2
  1129 | D:2      | Gained mutation: Spells you cast may paralyse adjacent
                  | enemies. [demonic ancestry]
  1129 | D:2      | Reached XP level 3. HP: 27/29 MP: 3/3
  1412 | D:2      | Noticed Natasha
  1426 | D:2      | Killed from afar by a white imp

Illustrated notes

Levels and vault maps discovered:
D:1:      dpeg_arrival_pond, layout_loops_ring
D:2:      layout_loops_ring, minivault_11, chequers_avenue, uniq_natasha,
          uniq_terence

Skill      XL: |  1  2 |
---------------+-------+-----
Unarmed Combat | 2 |  2.1
Fighting       | |  3.2
Armour         | |  2.9
Dodging        | |  0.8
Shields        | |  2.9

Action                   || total
-------------------------++-------
Melee: Unarmed           ||   111
Armor: Scale mail        ||    45
Dodge: Dodged            ||    47
Block: Buckler           ||    22

Table legend: (Time is in decaauts)
 A = Elapsed time spent in this place.
 B = Non-inter-level travel time spent in this place.
 C = Inter-level travel time spent in this place.
 D = Time resting spent in this place.
 E = Time spent auto-exploring this place.
 F = Levels seen in this place.
 G = Mean time per level.
                   A        B        C        D        E       F      G
               +--------+--------+--------+--------+--------+-----+--------+
         Total |   1429 |   1410 |     19 |      0 |   1200 |   2 |  714.5 |
       Dungeon |   1429 |   1410 |     19 |      0 |   1200 |   2 |  714.5 |
               +--------+--------+--------+--------+--------+-----+--------+

Top non-repeatable levels by time:
     D:1: 915 daAuts
     D:2: 514 daAuts
